 Dungeon Crawl Stone Soup version 0.24.0-123-gd5b16e6ec5 (webtiles) character file.

Game seed: 3683442545393070945, levelgen mode: deterministic

196410 Peloso the Hoplite (level 17, 0/160 HPs)
             Began as a Minotaur Fighter on Feb 7, 2020.
             Was the Champion of Okawaru.
             Killed from afar by a spark wasp (22 damage)
             ... with a living lightning
             ... on level 2 of the Spider Nest.
             The game lasted 01:29:43 (31804 turns).

Peloso the Hoplite (Minotaur Fighter)              Turns: 31804, Time: 01:29:44

Health: 0/160      AC: 19    Str: 37    XL:     17   Next: 74%
Magic:  18/18      EV: 13    Int:  2    God:    Okawaru [******]
Gold:   1426       SH: 27    Dex: 13    Spells: 16/16 levels left

rFire    . . .     SeeInvis .   a - +5 double sword (elec)
rCold    x . .     Gourm    .   c - +1 large shield {reflect}
rNeg     . . .     Faith    +   M - +1 chain mail of the Turtledove {rC- MR+ Regen+ Str+4}
rPois    +         Spirit   .   w - +1 hat {MR+}
rElec    .         Reflect  +   k - scarf {cloud immunity}
rCorr    .         Harm     .   t - +2 pair of gloves
MR       +++..                  V - +1 pair of boots {run}
Stlth    ..........             I - amulet of faith
HPRegen  0.76/turn              O - ring of Vehumet's Supremacy {rPois MP-9 AC+5 Str+8 Int-3}
MPRegen  0.16/turn              A - ring of magical power

@: corroded, very slightly contaminated, studying Translocations, quick
A: retaliatory headbutt, horns 2
}: 1/15 runes: decaying
a: Heroism, Finesse, Renounce Religion


You were on level 2 of the Spider Nest.
You worshipped Okawaru.
Okawaru was exalted by your worship.
You were not hungry.

You visited 6 branches of the dungeon, and saw 30 of its levels.
You also visited: Gauntlet.

You collected 3011 gold pieces.
You spent 1585 gold pieces at shops.

Inventory:

Hand Weapons
 a - a +5 double sword of electrocution (weapon)
 b - a +2 double sword of holy wrath
Armour
 c - a +1 large shield of reflection (worn)
 k - a scarf of cloud immunity (worn)
 o - the +0 cloak of Dithmenos's Approval {rCorr Dex+4}
   (You bought it in a shop on level 5 of the Dungeon)

   It affects your dexterity (+4).
   It provides partial protection from all sources of acid and corrosion.
 t - a +2 pair of gloves (worn)
 w - a +1 hat of magic resistance (worn)
 M - the +1 chain mail of the Turtledove (worn) {rC- MR+ Regen+ Str+4}
   (You found it on level 2 of the Lair of Beasts)

   It affects your strength (+4).
   It makes you vulnerable to cold.
   It affects your resistance to hostile enchantments.
   It increases your rate of regeneration.
 V - a +1 pair of boots of running (worn)
Jewellery
 q - an uncursed ring of protection from cold
 x - an uncursed ring of flight
 A - a ring of magical power (right hand)
 I - an amulet of faith (around neck)
 O - the ring of Vehumet's Supremacy (left hand) {rPois MP-9 AC+5 Str+8 Int-3}
   (You found it in a Gauntlet)

   [ring of protection]

   It affects your AC (+5).
   It affects your strength (+8).
   It affects your intelligence (-3).
   It protects you from poison.
   It affects your magic capacity (-9).
 W - an uncursed ring of protection from fire
Wands
 j - a wand of digging (1)
Scrolls
 e - 10 scrolls of remove curse
 g - 5 scrolls of fear
 l - 3 scrolls of noise
 m - 8 scrolls of teleportation
 u - 5 scrolls of magic mapping
 y - 7 scrolls of identify
 G - a scroll of blinking
Potions
 d - 2 potions of might
 i - 7 potions of curing
 s - 4 potions of flight
 B - 6 potions of heal wounds
 H - a potion of berserk rage
 K - 2 potions of agility
 N - a potion of haste
 R - a potion of resistance
Books
 n - a manual of Translocations
Comestibles
 f - 43 rations
 h - a chunk of flesh


   Skills:
 + Level 16.9 Fighting
 + Level 18.4 Long Blades
 + Level 15.4 Armour
 + Level 8.2 Dodging
 + Level 2.0 Stealth
 + Level 21.0 Shields
 + Level 3.8 Invocations
 + Level 1.1 Evocations


You had 16 spell levels left.
You didn't know any spells.
Your spell library contained the following spells:

 Spells                   Type           Power        Failure   Level  Hunger
 Animate Skeleton         Necr           N/A          96%         1    ##.....
 Apportation              Tloc           #.....       96%         1    ##.....
 Confusing Touch          Hex            #.....       96%         1    ##.....
 Corona                   Hex            #......      96%         1    ##.....
 Magic Dart               Conj           #...         96%         1    ##.....
 Pain                     Necr           #...         96%         1    ##.....
 Shock                    Conj/Air       #...         96%         1    ##.....
 Sting                    Conj/Pois      #...         96%         1    ##.....
 Summon Small Mammal      Summ           #...         96%         1    ##.....
 Blink                    Tloc           N/A          99%         2    ###....
 Call Imp                 Summ           #.......     99%         2    ###....
 Poisonous Vapours        Pois/Air       #.....       99%         2    ###....
 Slow                     Hex            #.......     99%         2    ###....
 Song of Slaying          Chrm           #.......     99%         2    ###....
 Swiftness                Chrm/Air       #.......     99%         2    ###....
 Conjure Flame            Conj/Fire      #.......     100%        3    ####...
 Ignite Poison            Fire/Tmut/Pois #.......     100%        3    ####...
 Inner Flame              Hex/Fire       #.......     100%        3    ####...
 Lesser Beckoning         Tloc           #.........   100%        3    ####...
 Mephitic Cloud           Conj/Pois/Air  #.......     100%        3    ####...
 Portal Projectile        Hex/Tloc       #.....       100%        3    ####...
 Regeneration             Chrm/Necr      #.........   100%        3    ####...
 Static Discharge         Conj/Air       #.......     100%        3    ####...
 Vampiric Draining        Necr           #.........   100%        3    ####...
 Airstrike                Air            #.........   100%        4    #####..
 Animate Dead             Necr           N/A          100%        4    #####..
 Cause Fear               Hex            #.........   100%        4    #####..
 Leda's Liquefaction      Hex/Erth       #.........   100%        4    #####..
 Olgreb's Toxic Radiance  Pois           #.......     100%        4    #####..
 Alistair's Intoxication  Tmut/Pois      #.......     100%        5    ######.
 Bolt of Magma            Conj/Fire/Erth #.........   100%        5    ######.
 Iskenderun's Battlesphe  Conj/Chrm      #.......     100%        5    ######.
 Lightning Bolt           Conj/Air       #.........   100%        5    ######.
 Venom Bolt               Conj/Pois      #.........   100%        5    ######.
 Dispersal                Tloc           #.........   100%        6    #######
 Ignition                 Fire           #.........   100%        8    #######


Dungeon Overview and Level Annotations

Branches:
Dungeon (15/15)            Temple (1/1) D:4            Lair (6/6) D:10
  Swamp (4/4) Lair:4       Spider (2/4) Lair:2        Slime (0/5) Lair:6
    Orc (2/2) D:12            Elf (0/3) Orc:2        Vaults (0/5) D:14
 Depths (0/5) D:15        Gauntlet (visited)

Altars:
Ashenzari
Cheibriados
Dithmenos
Elyvilon
Fedhas
Gozag
Hepliaklqana
Kikubaaqudgha
Makhleb
Nemelex Xobeh
Okawaru
Qazlal
Ru
Sif Muna
Trog
Uskayaw
Vehumet
Wu Jian
Xom
Yredelemnul
Zin
The Shining One
Beogh

Shops:
D:5 *   D:6 *   D:10 *   D:15 ?   Orc:1 ?   Orc:2 %?=*(

Annotations:
D:8 1 runed translucent door, Blodwynpig's ghost, novice DrCK
Spider:2 Frances


Innate Abilities, Weirdness & Mutations

You reflexively headbutt those who attack you in melee.
You have a pair of horns on your head.


Message History

The spark wasp stings you but does no damage.
You feel better. You block the wolf spider's attack. x2
You block the tarantella's attack. The jumping spider closely misses you.
The jumping spider bites you but does no damage.
The spark wasp barely misses you.
The wolf spider hits you but does no damage.
You block the wolf spider's attack.
The tarantella bites you but does no damage.
The jumping spider pounces on you but does no damage.
The jumping spider barely misses you.
Frances, Duchess of Pandemonium comes into view.
She is wielding a +0 halberd.
Blink to where?
Press: ? - help, Dir - move target cursor You are very lightly contaminated with residual magic.
As you read the scroll of blinking, it crumbles to dust.
The jumping spider leaps!
There is an escape hatch in the ceiling here.
The spark wasp bursts into living lightning!
The living lightning hits you!!
You die...

#......#.................#^..#
.......#..................^.#
..........................##
..........#......^#.#......#
>.............^..........###
...............#..........###
.......................††....
....................^..^....
...#..^....@.#......^.......
###...%...(.....s.......^..
......%.....†.......^....
.(....%.....†....#######
...#....#.#....###
#......#ys.[...#
##......s.††#.##
###.....(○.### .@?..^^..##


You could see a spark wasp, a wolf spider (berserk), a jumping spider and a
tarantella (berserk).

Vanquished Creatures
  Saint Roka (Orc:2)
  The ghost of Suryr the Thaumaturge, an adept GnWz of Sif Muna (Swamp:2)
  4 thorn hunters
  The ghost of Ricegish the Blocker, an adept GnFi of Okawaru (Swamp:3)
  Kirke (Swamp:2)
  The ghost of Keoguots the Thaumaturge, an adept GnSk of Makhleb (Swamp:1)
  3 emperor scorpions (Spider:1)
  The ghost of Kyghyut the Lord of Darkness, a journeyman DDNe of Kikubaaqudgha (D:15)
  A very ugly thing (Swamp:3)
  5 entropy weavers
  A spark wasp (Spider:2)
  A dire elephant (Lair:4)
  A minotaur (Gauntlet)
  The ghost of Baiviem the Impaler, a journeyman MfGl of Makhleb (Lair:3)
  2 crystal guardians (D:15)
  2 fire dragons
  3 rakshasas (D:15)
  A yaktaur captain (D:14)
  17 hydras
  A ghost crab (Swamp:2)
  A vault guard (D:14)
  11 two-headed ogres
  10 death yaks
  2 death knights
  8 alligators
  A satyr (shapeshifter) (D:15)
  The ghost of Voland the Destroyer, a journeyman GrWz of Vehumet (Lair:1)
  A tengu warrior (D:15)
  2 ogre magi
  A queen ant (Lair:5)
  An orc high priest (Orc:2)
  Sonja (D:13)
  5 skeletal warriors (D:15)
  2 glowing orange brains
  A spriggan druid (Swamp:3)
  10 swamp dragons
  An orange crystal statue (D:15)
  3 unseen horrors
  2 deep trolls (Orc:2)
  2 wizards (D:14)
  A lindwurm (Lair:6)
  An obsidian statue (Gauntlet)
  3 necromancers (D:14)
  10 orb spiders
  3 oklob plants (Lair:6)
  A harpy (shapeshifter) (D:15)
  2 deep elf magi
  2 ugly things
  7 orc sorcerers
  7 cyclopes
  18 elephants
  3 orc knights
  8 wolf spiders
  2 manticores
  3 moths of wrath
  13 black mambas
  A gargoyle (D:15)
  3 molten gargoyles (Lair:6)
  13 spiny frogs
  4 centaur skeletons
  A spiny frog (shapeshifter) (D:15)
  2 rime drakes
  14 komodo dragons
  A kobold demonologist (D:15)
  3 torpor snails
  A freezing wraith (D:14)
  5 demonic crawlers
  A meliai (D:14)
  12 trolls
  12 tyrant leeches
  11 jumping spiders
  6 bog bodies
  2 polar bears
  14 slime creatures
  5 hornets
  15 blink frogs
  14 dream sheep
  7 hippogriffs
  3 small abominations (D:14)
  5 wyverns
  3 wraiths
  3 shadows
  16 redbacks
  A spriggan (D:10)
  17 yaks
  A vampire (D:12)
  Grum (D:11)
  8 tarantellas
  3 steam dragons
  19 humans (D:14)
  18 vampire mosquitoes
  5 basilisks
  A hungry ghost (D:7)
  16 swamp worms
  4 insubstantial wisps (Swamp:1)
  14 water moccasins
  23 soldier ants
  5 wargs
  3 hell hounds (Lair:6)
  A floating eye (D:14)
  6 porcupines
  5 ice beasts
  27 ogres
  27 orc warriors
  3 black bears
  2 phantoms
  14 swamp drakes
  4 sky beasts
  8 wolves
  7 centaurs
  14 crocodiles
  6 big kobolds
  14 bullfrogs
  A spiny frog simulacrum (Gauntlet)
  A gnoll sergeant (D:5)
  A hornet simulacrum (Gauntlet)
  4 scorpions
  13 killer bees
  4 howler monkeys
  14 wights
  7 crimson imps
  3 centaur zombies
  4 lava snakes (Lair:6)
  A quasit (D:7)
  2 bullfrog zombies
  15 orc priests
  5 hounds
  Crazy Yiuf (D:6)
  3 jellies
  24 orc wizards
  Natasha (twice) (D:3)
  3 iguanas
  29 worker ants
  2 bullfrog simulacra (Gauntlet)
  A hound skeleton (D:6)
  A worker ant zombie (D:9)
  12 adders
  2 shadow imps (D:7)
  3 adder zombies
  An ooze (D:2)
  2 adder skeletons
  3 worms (D:2)
  2 dart slugs
  7 leopard geckos
  124 orcs
  A ball python (D:3)
  4 bats
  3 giant cockroaches
  7 goblins
  11 hobgoblins
  6 jackals
  5 quokkas
  3 frilled lizards
  A jackal zombie (D:6)
  33 kobolds
  2 leopard gecko skeletons
  6 rats
  A butterfly (Spider:1)
  A fungus (Lair:3)
1034 creatures vanquished.

Vanquished Creatures (others)
  A centaur warrior (D:14)
  A hydra (Swamp:4)
  A spriggan druid (Swamp:4)
  A jumping spider (Spider:1)
  A blink frog (Swamp:4)
  A redback (Spider:2)
  3 centaurs (Lair:6)
  An orc wizard (Orc:2)
  2 plants
  3 toadstools (D:10)
15 creatures vanquished.

Grand Total: 1049 creatures vanquished

Notes
Turn   | Place    | Note
-------+----------+-------------------------------------------
     0 | D:1      | Peloso the Minotaur Fighter began the quest for the Orb.
     0 | D:1      | Reached XP level 1. HP: 19/19 MP: 0/0
    96 | D:1      | Reached skill level 4 in Shields
    96 | D:1      | Reached XP level 2. HP: 23/27 MP: 1/1
   346 | D:1      | You fall into a shaft and drop 1 floor!
   369 | D:2      | Reached XP level 3. HP: 33/33 MP: 2/2
   631 | D:2      | Reached XP level 4. HP: 31/40 MP: 3/3
  1022 | D:3      | Noticed Natasha
  1028 | D:3      | Killed Natasha
  1028 | D:3      | Reached skill level 1 in Dodging
  1028 | D:3      | Reached XP level 5. HP: 23/46 MP: 4/4
  1396 | D:3      | Noticed a centaur
  1407 | D:3      | Killed a centaur
  1526 | D:3      | Noticed Natasha
  1533 | D:3      | Killed Natasha
  1533 | D:3      | Reached skill level 5 in Long Blades
  1711 | D:4      | Reached XP level 6. HP: 53/53 MP: 5/5
  1742 | D:4      | Found a staircase to the Ecumenical Temple.
  1836 | Temple   | Entered the Ecumenical Temple
  2295 | D:4      | Reached skill level 5 in Armour
  2345 | D:4      | Reached skill level 5 in Shields
  2968 | D:5      | Entered Level 5 of the Dungeon
  2969 | D:5      | Found Loliofy's Assorted Antiques.
  2979 | D:5      | Bought a polished cloak for 199 gold pieces
  2991 | D:5      | Identified the cursed +0 cloak of Dithmenos's Approval
                  | {rCorr Dex+4} (You bought it in a shop on level 5 of the
                  | Dungeon)
  3010 | D:5      | Reached XP level 7. HP: 51/60 MP: 6/6
  3477 | D:5      | Reached skill level 5 in Fighting
  3656 | D:6      | Found Edewufocagh's Assorted Antiques.
  3698 | D:6      | Reached XP level 8. HP: 67/68 MP: 7/7
  3702 | D:6      | Reached skill level 6 in Shields
  4047 | D:6      | Found a sparkling altar of Nemelex Xobeh.
  4055 | D:6      | Found a glowing silver altar of Zin.
  4321 | D:6      | Reached skill level 7 in Shields
  4455 | D:6      | Found a runed translucent door.
  4456 | D:6      | Noticed Crazy Yiuf
  4465 | D:6      | Killed Crazy Yiuf
  4601 | D:7      | Noticed a hornet
  4615 | D:7      | Killed a hornet
  4622 | D:7      | Reached XP level 9. HP: 49/75 MP: 8/8
  4803 | D:7      | Reached skill level 8 in Shields
  4980 | D:7      | Found an iron altar of Okawaru.
  4980 | D:7      | Found a blossoming altar of Fedhas.
  5095 | D:7      | Became a worshipper of Warmaster Okawaru
  5173 | D:8      | Noticed Blodwynpig's ghost (novice DrCK)
  5184 | D:8      | Found a runed translucent door.
  5215 | D:8      | Reached skill level 10 in Long Blades
  5457 | D:8      | Reached * piety under Okawaru
  5690 | D:8      | Reached skill level 9 in Shields
  6002 | D:9      | Noticed a two-headed ogre
  6018 | D:9      | Killed a two-headed ogre
  6018 | D:9      | Reached XP level 10. HP: 32/86 MP: 6/9
  6048 | D:9      | Reached ** piety under Okawaru
  6832 | D:10     | Entered Level 10 of the Dungeon
  6914 | D:10     | Reached skill level 10 in Shields
  7316 | D:10     | Found a roughly hewn altar of Beogh.
  7404 | D:10     | Reached skill level 1 in Invocations
  7485 | D:10     | Noticed a cyclops
  7498 | D:10     | Killed a cyclops
  7500 | D:10     | Found Mupatoyh's Assorted Antiques.
  7529 | D:10     | Reached *** piety under Okawaru
  7651 | D:10     | Reached XP level 11. HP: 87/95 MP: 11/11
  7784 | D:10     | Noticed a two-headed ogre
  7794 | D:10     | Killed a two-headed ogre
  7794 | D:10     | Reached **** piety under Okawaru
  7795 | D:10     | Found a sacrificial altar of Ru.
  8203 | D:10     | Found a staircase to the Lair.
  8525 | D:11     | Reached skill level 11 in Shields
  9137 | D:11     | Noticed Grum
  9172 | D:11     | Killed Grum
  9172 | D:11     | Reached ***** piety under Okawaru
  9436 | D:11     | Reached skill level 10 in Armour
 10274 | D:12     | Noticed a death knight
 10294 | D:12     | Killed a death knight
 10389 | D:12     | Found a staircase to the Orcish Mines.
 10421 | D:12     | Received a gift from Okawaru
 10440 | D:12     | Got a shimmering great sword {god gift}
 11484 | Lair:1   | Entered Level 1 of the Lair of Beasts
 11500 | Lair:1   | Found a runed translucent door.
 11556 | Lair:1   | Reached XP level 12. HP: 98/106 MP: 13/13
 11796 | Lair:1   | Reached skill level 10 in Fighting
 11828 | Lair:1   | Noticed Voland's ghost (journeyman GrWz)
 11898 | Lair:1   | Killed Voland's ghost
 12383 | Lair:2   | Reached skill level 12 in Shields
 12439 | Lair:2   | Received a gift from Okawaru
 13046 | Lair:2   | Found a stormy altar of Qazlal.
 13058 | Lair:2   | Got a polished chain mail
 13069 | Lair:2   | Identified the cursed +1 chain mail of the Turtledove {rC-
                  | MR+ Regen+ Str+4} (You found it on level 2 of the Lair of
                  | Beasts)
 13328 | Lair:2   | Found a hole to the Spider Nest.
 13482 | Lair:2   | Identified the +0 great sword of the People {freeze, rPois
                  | rF- Int+4} (Okawaru gifted it to you on level 12 of the
                  | Dungeon)
 13517 | Lair:3   | Found a transporter.
 13520 | Lair:3   | Noticed Baiviem's ghost (journeyman MfGl)
 13536 | Lair:3   | Noticed a six-headed hydra
 13542 | Lair:3   | Found a transporter.
 13550 | Lair:3   | Killed a ten-headed hydra
 13594 | Lair:3   | Found a gate leading to a gauntlet.
 13608 | Gauntlet | Entered a Gauntlet
 13608 | Gauntlet | Found a transporter.
 13612 | Gauntlet | Found a transporter.
 13613 | Gauntlet | Found a transporter.
 13631 | Gauntlet | Found a transporter.
 13633 | Gauntlet | Found a transporter.
 13636 | Gauntlet | Noticed a green death
 13644 | Gauntlet | Found a transporter.
 13660 | Gauntlet | Found a transporter.
 13664 | Gauntlet | Found a transporter.
 13684 | Gauntlet | Found a transporter.
 13688 | Gauntlet | Found a transporter.
 13716 | Gauntlet | Found a runed translucent door.
 13717 | Gauntlet | Found a transporter.
 13717 | Gauntlet | Found a transporter.
 13718 | Gauntlet | Found a runed translucent door.
 13746 | Gauntlet | Found a transporter.
 13753 | Gauntlet | Found a transporter.
 13945 | Gauntlet | Reached skill level 1 in Stealth
 13979 | Gauntlet | Received a gift from Okawaru
 13992 | Gauntlet | Got a serpentine ivory ring
 13994 | Gauntlet | Identified the ring of Vehumet's Supremacy {rPois MP-9 AC+5
                  | Str+8 Int-3} (You found it in a Gauntlet)
 14023 | Gauntlet | Noticed a minotaur
 14029 | Gauntlet | Killed a minotaur
 14037 | Gauntlet | Identified the Disquisition on the Vitriolic Traveller
 14109 | Lair:3   | Noticed a death yak
 14109 | Lair:3   | Noticed a death yak
 14109 | Lair:3   | Noticed a death yak
 14110 | Lair:3   | Noticed a death yak
 14111 | Lair:3   | Noticed a death yak
 14112 | Lair:3   | Noticed a death yak
 14135 | Lair:3   | Killed a death yak
 14139 | Lair:3   | Killed a death yak
 14142 | Lair:3   | Killed a death yak
 14147 | Lair:3   | Killed a death yak
 14153 | Lair:3   | Killed a death yak
 14153 | Lair:3   | Reached skill level 13 in Shields
 14153 | Lair:3   | Reached XP level 13. HP: 80/116 MP: 5/14
 14159 | Lair:3   | Received a gift from Okawaru
 15053 | Lair:3   | Killed Baiviem's ghost
 15053 | Lair:3   | Reached skill level 15 in Long Blades
 15284 | Lair:4   | Noticed a dire elephant
 15298 | Lair:4   | Killed a dire elephant
 15298 | Lair:4   | Received a gift from Okawaru
 15503 | Lair:4   | Found a staircase to the Swamp.
 15768 | Lair:4   | Reached ****** piety under Okawaru
 15968 | Lair:4   | Received a gift from Okawaru
 15978 | Lair:4   | Identified a +1 pair of boots of running (Okawaru gifted it
                  | to you on level 4 of the Lair of Beasts)
 16738 | D:13     | Noticed Sonja
 16745 | D:13     | Killed Sonja
 17122 | D:14     | Reached skill level 14 in Shields
 17247 | D:14     | Reached skill level 5 in Dodging
 17274 | D:14     | Found a gate to the Vaults.
 17291 | D:14     | Reached XP level 14. HP: 85/127 MP: 6/15
 18044 | D:14     | Paralysed by a wizard for 5 turns
 18062 | D:14     | Received a gift from Okawaru
 18097 | D:14     | Identified the Volume of Protection and the Blaze
 18434 | D:14     | Reached skill level 15 in Shields
 18798 | D:15     | Entered Level 15 of the Dungeon
 18902 | D:15     | Found a runed translucent door.
 19343 | Orc:1    | Entered Level 1 of the Orcish Mines
 19442 | Orc:1    | Found Zazxiga's Magic Scroll Shoppe.
 19453 | Orc:1    | Bought a scroll of acquirement for 572 gold pieces
 19453 | Orc:1    | Bought a scroll of brand weapon for 220 gold pieces
 19453 | Orc:1    | Bought a scroll of noise for 11 gold pieces
 19453 | Orc:1    | Bought a scroll of identify for 22 gold pieces
 19658 | Orc:2    | Entered Level 2 of the Orcish Mines
 19757 | Orc:2    | Found Yniu's Assorted Antiques.
 19759 | Orc:2    | Found Hofy's Weapon Shop.
 19791 | Orc:2    | Received a gift from Okawaru
 20115 | Orc:1    | Reached skill level 16 in Shields
 20140 | Orc:2    | Received a gift from Okawaru
 20232 | Orc:2    | Got a dazzling demon blade {god gift}
 20233 | Orc:2    | Identified the +5 demon blade of Weajemas {venom, Int+7}
                  | (Okawaru gifted it to you on level 2 of the Orcish Mines)
 20243 | Orc:2    | Found Kaschu Bihihu's Food Boutique.
 20243 | Orc:2    | Found Sixkihu's Jewellery Boutique.
 20245 | Orc:2    | Bought a scroll of magic mapping for 84 gold pieces
 20279 | Orc:2    | Reached XP level 15. HP: 119/137 MP: 7/16
 20365 | Orc:2    | Found a staircase to the Elven Halls.
 20420 | Orc:2    | Noticed Saint Roka
 20650 | Orc:2    | Killed Saint Roka
 20798 | Orc:2    | Found Idwu's Magic Scroll Emporium.
 20810 | Orc:2    | Bought a scroll of immolation for 56 gold pieces
 20821 | Orc:2    | Bought a scroll of identify for 32 gold pieces
 20821 | Orc:2    | Bought a scroll of enchant weapon for 120 gold pieces
 20829 | Orc:2    | Bought a scroll of identify for 32 gold pieces
 20964 | Orc:2    | Found a roughly hewn altar of Beogh.
 21370 | D:15     | Found Coelocin's Magic Scroll Shoppe.
 21394 | D:15     | Bought a scroll of identify for 28 gold pieces
 21440 | D:15     | Found a runed translucent door.
 21443 | D:15     | Noticed Kyghyut's ghost (journeyman DDNe)
 21453 | D:15     | Killed Kyghyut's ghost
 21453 | D:15     | Received a gift from Okawaru
 21460 | D:15     | Got a warped lajatang
 21521 | D:15     | Reached skill level 17 in Shields
 21584 | D:15     | Received a gift from Okawaru
 21871 | D:15     | Found a staircase to the Depths.
 22029 | D:15     | Lost intelligence.
 22033 | D:15     | Found the cursed +13 scythe of Curses {drain, *Curse}
 23411 | Lair:5   | Received a gift from Okawaru
 23880 | Lair:5   | Reached skill level 15 in Fighting
 24541 | Lair:6   | Entered Level 6 of the Lair of Beasts
 24704 | Lair:6   | Received a gift from Okawaru
 24728 | Lair:6   | Reached skill level 18 in Shields
 24765 | Lair:5   | Reached XP level 16. HP: 132/149 MP: 17/17
 24998 | Lair:6   | Found a large runed translucent door.
 25001 | Lair:6   | Found a large runed translucent door.
 25098 | Lair:6   | Received a gift from Okawaru
 25630 | Lair:6   | Found a shimmering altar of Xom.
 25726 | Lair:6   | Found a staircase to the Slime Pits.
 26549 | Orc:1    | Bought a scroll of identify for 22 gold pieces
 26549 | Orc:1    | Bought 2 scrolls of blinking for 165 gold pieces
 26549 | Orc:1    | Bought a scroll of identify for 22 gold pieces
 26748 | Swamp:1  | Entered Level 1 of the Swamp
 26903 | Swamp:1  | Found a runed translucent door.
 26904 | Swamp:1  | Noticed Keoguots's ghost (adept GnSk)
 26916 | Swamp:1  | Killed Keoguots's ghost
 27499 | Swamp:2  | Reached skill level 19 in Shields
 27515 | Swamp:2  | Received a gift from Okawaru
 27636 | Swamp:2  | Noticed Kirke
 27656 | Swamp:2  | Killed Kirke
 27869 | Swamp:2  | Found a runed translucent door.
 27869 | Swamp:2  | Noticed Suryr's ghost (adept GnWz)
 28050 | Swamp:2  | Killed Suryr's ghost
 28050 | Swamp:2  | Received a gift from Okawaru
 28262 | Swamp:2  | Identified the cursed +2 lajatang of Intuition {venom,
                  | Str+3} (You found it on level 15 of the Dungeon)
 28354 | Swamp:3  | Found a runed translucent door.
 28354 | Swamp:3  | Noticed Ricegish's ghost (adept GnFi)
 28944 | Swamp:3  | Killed Ricegish's ghost
 28991 | Swamp:4  | Entered Level 4 of the Swamp
 29354 | Swamp:4  | Noticed a thorn hunter
 29355 | Swamp:4  | Reached XP level 17. HP: 156/158 MP: 18/18
 29394 | Swamp:3  | Received a gift from Okawaru
 29420 | Swamp:4  | Reached skill level 15 in Armour
 29431 | Swamp:4  | Reached skill level 20 in Shields
 30083 | Swamp:4  | Received a gift from Okawaru
 30315 | Swamp:4  | Got a decaying rune of Zot
 30507 | Spider:1 | Entered Level 1 of the Spider Nest
 30864 | Spider:1 | Received a gift from Okawaru
 31590 | Spider:2 | Reached skill level 1 in Evocations
 31785 | Spider:2 | Received a gift from Okawaru
 31796 | Spider:2 | Reached skill level 21 in Shields
 31801 | Spider:2 | Noticed Frances
 31804 | Spider:2 | Killed from afar by a spark wasp

Levels and vault maps discovered:
D:1:      ncdulo_watergridlock, layout_loops_ring, okawaru_ov_weapons_minmay
D:2:      layout_loops_ring, first_ration
D:3:      layout_basic, uniq_natasha
D:4:      layout_gridville, minmay_temple_entry_hall
D:5:      layout_rooms, serial_shops, shop, minmay_between
D:6:      layout_loops_cross, nicolae_overflow_hidden_temple, serial_shops,
          shop, hangedman_decor_lopped, uniq_crazy_yiuf_cottage
D:7:      layout_cave_pools, gammafunk_temple_overflow_wave
D:8:      layout_basic, gammafunk_ghost_grave
D:9:      layout_loops_cross
D:10:     layout_roguey [special_room_orc], erik_lair_orcish_takeover,
          serial_shops, nicolae_shop_overgrown_old_shop, special_room
          [special_room_orc], grunt_pizzeria, kennysheep_small_spiral,
          minmay_gold_behind_fungi, nicolae_ru_awakened_eye
D:11:     layout_grid_maze, uniq_grum
D:12:     layout_loops_ring, erik_orc_4
D:13:     layout_irregular_city, nrook_uturn, uniq_sonja
D:14:     cheibrodos_hippocracy, layout_cave_pools, grunt_vaults_entry_tiered,
          serial_park_tiny_1, chequers_mini_garden, grunt_tough_drop
D:15:     gammafunk_enter_depths_forms, layout_cave_pools,
          corexii_hall_statues_l, serial_shops, nicolae_shop_stone,
          ebering_ghost_reflecting_pool, minmay_crystal_box
Temple:   hc_temple_tempest_star
Lair:1:   layout_loops_ring, ebering_ghost_reflecting_pool
Lair:2:   layout_regular_city, spider_nest_entry_web_field, basic_altar,
          beast_lair_carwin_7, lemuel_fruit_fields
Lair:3:   layout_layer_cave, gammafunk_ghost_berserking_beasts,
          gauntlet_entry_generic
Lair:4:   beast_lair_carwin_large_4, layout_big_grid, minmay_swamp_entry_worms
Lair:5:   layout_hall_layers, minivault_29
Lair:6:   cheibrodos_lair_end_hotspot, layout_cave_shapes,
          minmay_slime_entry_oklob_enclosed, lemuel_centaur_altar
Swamp:1:  layout_falls_marsh, gammafunk_ghost_grave, hangedman_swamp_lotus
Swamp:2:  layout_basic_swamp, ebering_ghost_inner_flame,
          evilmike_swamp_ruin_house_4, uniq_kirke
Swamp:3:  layout_falls_marsh, ebering_ghost_inner_flame,
          evilmike_swamp_ruin_rubble_1, swamp_pool1
Swamp:4:  swamp, layout_basic_swamp
Spider:1: nicolae_spider_hall_of_the_moth_king
Spider:2: nicolae_spider_corner, uniq_frances
Orc:1:    layout_diamond_mine, serial_shops, shop_statue
Orc:2:    st_orc_open, layout_caves, serial_shops, nicolae_shop_waterfront,
          lemuel_statue_altar, uniq_saint_roka

Skill      XL: |  1  2  3  4  5  6  7  8  9 10 11 12 13 14 15 16 17 |
---------------+----------------------------------------------------+-----
Shields        | 4 5 7 9 10 11 13 14 16 18 19 21 | 21.0
Fighting       | 4 5 6 7 8 9 11 12 13 15 16 | 16.9
Armour         | 4 5 6 7 8 9 10 12 13 14 15 | 15.4
Long Blades    | 3 4 5 6 7 9 11 12 14 16 17 18 | 18.4
Dodging        | 1 2 3 4 5 6 7 8 |  8.2
Invocations    | 2 3 |  3.8
Stealth        | 1 2 |  2.0
Evocations     | 1 |  1.1

Action                   |  1- 3 |  4- 6 |  7- 9 | 10-12 | 13-15 | 16-18 || total
-------------------------+-------+-------+-------+-------+-------+-------++-------
Melee: Long sword        |    88 |   113 |   243 |       |       |       ||   444
       Headbutt          |    15 |    24 |    99 |   189 |   359 |   273 ||   959
       Scimitar          |       |       |   100 |   736 |       |       ||   836
       Double sword      |       |       |       |    30 |  1020 |   836 ||  1886
Invok: Heroism           |       |       |     1 |    13 |    12 |     2 ||    28
       Finesse           |       |       |       |     1 |       |       ||     1
Evoke: Wand              |       |       |       |     1 |       |    25 ||    26
  Use: Potion            |     2 |       |     1 |     5 |     2 |     1 ||    11
       Scroll            |     2 |       |     3 |    13 |    10 |     8 ||    36
 Stab: Distracted        |       |       |       |       |     1 |       ||     1
  Eat: Chunk             |       |     7 |    10 |    21 |    23 |    16 ||    77
       Ration            |       |       |       |     2 |     3 |     2 ||     7
Armor: Scale mail        |    43 |    32 |    44 |       |       |       ||   119
       Plate armour      |       |       |   147 |   218 |       |       ||   365
       Chain mail        |       |       |       |    20 |   399 |   339 ||   758
Dodge: Dodged            |    21 |    30 |   124 |   173 |   300 |   264 ||   912
Block: Shield            |    54 |    58 |   238 |   393 |   121 |       ||   864
       Large shield      |       |       |       |       |  1129 |  1135 ||  2264
       Reflection        |       |       |       |       |    21 |    41 ||    62
       Rpst.: Long sword |     8 |     9 |    23 |       |       |       ||    40
       Scimitar          |       |       |    10 |    34 |       |       ||    44
       Double sword      |       |       |       |     3 |    51 |    41 ||    95
